 Dungeon Crawl Stone Soup version 0.21.1-1-g345015f (webtiles) character file.

226 lotte the Magician (level 5, -3/28 HPs)
             Began as a Deep Elf Wizard on July 2, 2018.
             Was an Initiate of Sif Muna.
             Killed by divine providence
             ... invoked by an orc priest
              (15 damage)
             ... on level 4 of the Dungeon.
             The game lasted 00:23:37 (4407 turns).

lotte the Magician (Deep Elf Wizard)                Turns: 4407, Time: 00:23:40

Health: -3/28      AC:  2    Str:  4    XL:     5   Next: 69%
Magic:  11/15      EV: 13    Int: 24    God:    Sif Muna [......]
Gold:   237        SH:  0    Dex: 13    Spells: 7/16 levels left

rFire    . . .     SeeInvis .   j - +1 mace (protect)
rCold    . . .     Gourm    .   (no shield)
rNeg     . . .     Faith    .   q - +0 robe
rPois    .         Spirit   .   b - +0 hat
rElec    .         Reflect  .   (no cloak)
rCorr    .         Harm     .   (no gloves)
MR       .....                  (no boots)
Stlth    ++........             n - amulet of magic regeneration
HPRegen  0.09/turn              (no ring)
MPRegen  0.39/turn              (no ring)

@: very slightly contaminated
A: no striking features
a: Renounce Religion


You were on level 4 of the Dungeon.
You worshipped Sif Muna.
Sif Muna was noncommittal.
You were not hungry.

You visited 1 branch of the dungeon, and saw 4 of its levels.

You collected 237 gold pieces.

Inventory:

Hand Weapons
 i - a -3 dagger
 j - a +1 mace of protection (weapon)
 r - a +2 mace of protection
Armour
 a - a +0 robe
 b - a +0 hat (worn)
 q - a +0 robe (worn)
Jewellery
 n - an amulet of magic regeneration (around neck)
Scrolls
 e - 3 scrolls of enchant weapon
 f - 2 scrolls of identify
 h - a scroll of teleportation
 u - a scroll of remove curse
 v - a scroll of fog
Potions
 g - a potion of agility {unknown}
 k - a potion of ambrosia {unknown}
 l - a potion of invisibility {unknown}
 m - a potion of might {unknown}
 o - a potion of haste {unknown}
 p - a potion of lignification {unknown}
 s - a potion of heal wounds
Books
 c - a book of Minor Magic

   Spells                             Type                      Level
   a - Magic Dart                     Conjuration                  1
   b - Blink                          Translocation                2
   c - Call Imp                       Summoning                    2
   d - Slow                           Hexes                        2
   e - Conjure Flame                  Conjuration/Fire             3
   f - Mephitic Cloud                 Conjuration/Poison/Air       3
Comestibles
 d - 6 rations
 t - 4 chunks of flesh


   Skills:
 - Level 2.5 Dodging
 - Level 2.5 Stealth
 + Level 6.4 Spellcasting
 * Level 3.2 Conjurations
 * Level 3.0 Summonings
   Level 1.1 Translocations
 + Level 1.7 Fire Magic


You had 7 spell levels left.
You knew the following spells:

 Your Spells              Type           Power        Failure   Level  Hunger
a - Magic Dart            Conj           ###.         1%          1    None
b - Call Imp              Summ           ###.....     3%          2    None
c - Conjure Flame         Conj/Fire      ###.....     9%          3    None
d - Mephitic Cloud        Conj/Pois/Air  ##......     14%         3    None


Dungeon Overview and Level Annotations

Branches:
Dungeon (4/15)
 Temple: D:4-7

Altars:
Gozag
Sif Muna


Message History

Your crimson imp hits the giant cockroach but does no damage.
Your crimson imp closely misses the giant cockroach.
Your crimson imp hits the giant cockroach.
Your crimson imp blinks!
The orc priest calls down the wrath of Beogh upon you.
Beogh smites you!
Casting: Magic Dart
Confirm with . or Enter, or press ? or * to list all spells.
Aiming: Mephitic Cloud
Press: ? - help, Shift-Dir - straight line You can't see that place. [the floor.]
Okay, then.
Casting: Mephitic Cloud
Confirm with . or Enter, or press ? or * to list all spells.
A beastly little devil appears in a puff of flame.
The orc priest calls down the wrath of Beogh upon you.
Beogh smites you!
Ouch! That really hurt!
You die...

######.##..##..###.)###..
##..#...######..###..###..
#...'...#...'....#.....'..
#...#...#...#....#.....#..
###'##..###'##############
##..##..##..#
#...##..##..#
#....#..5...#
#....#..5@..#
#...##oo##..#
######..##.5# #5.###+#
#......s.......
#......5.......
#...##o[##..##. #### #..#
..# #o.# ...


You could see an orc priest, an orc and 3 friendly crimson imps.

Vanquished Creatures
  An ogre (D:3)
  2 adders
  An ooze (D:2)
  A dart slug (D:2)
  4 leopard geckos
  4 orcs
  7 bats
  2 giant cockroaches
  5 goblins
  5 hobgoblins
  10 jackals
  2 quokkas
  4 frilled lizards
  7 kobolds
  8 rats
63 creatures vanquished.

Vanquished Creatures (collateral kills)
  A hound (D:4)
  An orc wizard (D:3)
  3 adders
  2 worms (D:2)
  A dart slug (D:2)
  9 orcs
  2 giant cockroaches
  A hobgoblin (D:2)
  3 frilled lizards
  A rat (D:3)
24 creatures vanquished.

Grand Total: 87 creatures vanquished

Notes
Turn   | Place    | Note
-------+----------+-------------------------------------------
     0 | D:1      | lotte the Deep Elf Wizard began the quest for the Orb.
     0 | D:1      | Reached XP level 1. HP: 10/10 MP: 7/7
   297 | D:1      | Reached skill level 5 in Spellcasting
   342 | D:1      | Reached XP level 2. HP: 15/15 MP: 7/10
  1459 | D:2      | Reached XP level 3. HP: 19/19 MP: 10/12
  1742 | D:2      | Learned a level 2 spell: Call Imp
  1746 | D:2      | Learned a level 3 spell: Conjure Flame
  1750 | D:2      | Learned a level 3 spell: Mephitic Cloud
  1957 | D:2      | Reached skill level 6 in Spellcasting
  2326 | D:2      | Reached XP level 4. HP: 24/24 MP: 10/14
  2742 | D:3      | Noticed an ogre
  3156 | D:3      | Found an opulent altar of Gozag.
  3241 | D:3      | Found a deep blue altar of Sif Muna.
  3244 | D:3      | Became a worshipper of Sif Muna the Loreminder
  3253 | D:3      | Reached skill level 1 in Fire Magic
  3285 | D:3      | Killed an ogre
  3285 | D:3      | Reached XP level 5. HP: 28/28 MP: 9/15
  4407 | D:4      | Killed from afar by an orc priest

Skill      XL: |  1  2  3  4  5 |
---------------+----------------+-----
Spellcasting   | 5 6 |  6.4
Conjurations   | 2 3 |  3.2
Summonings     | 2 3 |  3.0
Fire Magic     | 1 |  1.7
Dodging        | |  2.5
Stealth        | |  2.5
Translocations | |  1.1

Action                   |  1- 3 |  4- 6 || total
-------------------------+-------+-------++-------
Melee: Dagger            |    13 |       ||    13
 Cast: Magic Dart        |   111 |    50 ||   161
       Call Imp          |     7 |    30 ||    37
       Conjure Flame     |       |     2 ||     2
       Mephitic Cloud    |       |     1 ||     1
  Use: Scroll            |       |     6 ||     6
       Potion            |       |     1 ||     1
  Eat: Chunk             |     4 |     6 ||    10
Armor: Robe              |     4 |     1 ||     5
Dodge: Dodged            |    37 |    16 ||    53
